 Dungeon Crawl Stone Soup version 0.31.0-32-g396128a36d (webtiles) character file.

Game seed: 3492435392558132504

26574 Hottabushka the Fighter (level 12, 0/104 (113) HPs)
             Began as a Minotaur Berserker on Apr 8, 2024.
             Was a High Priest of Trog.
             Slain by a red devil
             ... wielding a +0 trident of protection
             ... summoned by an obsidian statue
              (16 damage)
             ... on level 12 of the Dungeon.
             The game lasted 01:02:30 (14837 turns).

Hottabushka the Fighter (Minotaur Berserker)       Turns: 14837, Time: 01:02:31

HP:   0/104 (113)   AC:  9    Str: 33    XL:     12   Next: 99%
MP:   1/11          EV: 14    Int:  4    God:    Trog [*****.]
Gold: 958           SH:  5    Dex: 10    Spells: 11/11 levels left

rFire   . . .        D - +0 whip (venom)
rCold   . . .        A - +0 buckler
rNeg    . . .        w - +4 ring mail {rPois}
rPois   +            (helmet restricted)
rElec   .            r - +0 cloak
rCorr   .            h - +0 pair of gloves
SInv    .            O - +1 pair of boots {rampage}
Will    .....        y - amulet of regeneration Stlth
                     K - +4 ring of protection
HPRegen 0.00/turn    L - +6 ring of strength
MPRegen 0.12/turn

%: rampage
@: about to teleport, spiked, corroded, inhibited regen, drained
A: horns 2, retaliatory headbutt, inhibited regeneration
a: Renounce Religion, Berserk, Trog's Hand, Brothers in Arms


You were on level 12 of the Dungeon.
You worshipped Trog.
Trog was extremely pleased with you.
You visited 1 branch of the dungeon, and saw 12 of its levels.
You also visited: Ossuary.

You collected 958 gold pieces.

Inventory:

Hand Weapons
 D - a +0 whip of venom (weapon)
 J - a +1 whip of flaming
 R - a +3 mace of holy wrath
Missiles
 x - 3 throwing nets
Armour
 h - a +0 pair of gloves (worn)
 k - the +2 ring mail of the Onion {rN+}
   (You found it on level 11 of the Dungeon)

   rN+:       It protects you from negative energy.
 r - a +0 cloak (worn)
 w - a +4 ring mail of poison resistance (worn)
 A - a +0 buckler (worn)
 O - a +1 pair of boots of rampaging (worn)
Jewellery
 b - a ring of protection from fire
 f - a ring of protection from cold
 n - a ring of willpower
 y - an amulet of regeneration (around neck)
 E - a ring of positive energy
 K - a +4 ring of protection (left hand)
 L - a +6 ring of strength (right hand)
 M - the ring of Etrueh {Fly SInv}
   (You found it on level 7 of the Dungeon)

   [ring of see invisible]

   SInv:      It lets you see invisible.
   Fly:       It grants you flight.
 P - a ring of fire
Wands
 q - a wand of paralysis (3)
 u - a wand of iceblast (31) (quivered)
 Q - a wand of polymorph (8)
Scrolls
 a - a scroll of blinking {unknown}
 c - 5 scrolls of identify
 d - 6 scrolls of teleportation
 i - 5 scrolls of fear
 j - 3 scrolls of fog {unknown}
 o - 2 scrolls of poison {unknown}
 t - a scroll of brand weapon {unknown}
 v - 3 scrolls of vulnerability {unknown}
 B - 3 scrolls of amnesia {unknown}
 C - 3 scrolls of immolation {unknown}
 G - 5 scrolls of silence {unknown}
 H - a scroll of revelation {unknown}
 I - 2 scrolls of enchant weapon {unknown}
Potions
 e - 3 potions of might
 g - 4 potions of curing
 l - a potion of berserk rage {unknown}
 m - 3 potions of mutation
 p - 5 potions of haste
 s - 3 potions of lignification
 z - 3 potions of attraction
 F - 3 potions of brilliance {unknown}
 N - a potion of enlightenment {unknown}


   Skills:
 + Level 12.3 Fighting
 + Level 12.2 Maces & Flails
 + Level 11.8 Armour
 + Level 11.0 Dodging
 + Level 8.6 Shields
 + Level 7.3 Evocations


You had 11 spell levels left.
You didn't know any spells.
Your spell library was empty.

Dungeon Overview and Level Annotations

Branches:
Dungeon (12/15)            Temple (0/1) D:7            Lair (0/5) D:11
    Orc (0/2) D:11        Ossuary (visited)

Altars:
Ashenzari
Dithmenos
Fedhas
Hepliaklqana
Kikubaaqudgha
Makhleb
Nemelex Xobeh
Okawaru
Qazlal
Uskayaw
Wu Jian
Zin

Shops:
D:4 [

Annotations:
D:12 exclusions: obsidian statue and orange crystal statue


Innate Abilities, Weirdness & Mutations

You have a pair of horns on your head.
You reflexively headbutt those who attack you in melee.
You do not regenerate when monsters are visible.


Message History

The crimson imp hits you but does no damage.
The acid dragon barely misses you. x2
The red devil hits you but does no damage.
You hit the crimson imp but do no damage.
The crimson imp is heavily wounded.
You barely miss the crimson imp.
The crimson imp is heavily wounded.
The centaur completely misses you. The centaur kicks you.
The obsidian statue slips into the dungeon's darkness for a moment.
The obsidian statue's eyes glow briefly.
The crimson imp grinds its teeth.
You block the crimson imp's attack.
The red devil hits you from afar with a +0 trident of protection!
Barbed spikes become lodged in your body.
The acid dragon bites you. The acid dragon claws you.
As you read the scroll of teleportation, it crumbles to dust.
You feel strangely unstable. You block the centaur's attack. x2
The cyclops completely misses you. The crimson imp barely misses you.
The acid dragon barely misses you. You furiously retaliate!
You headbutt the acid dragon, but do no damage.
The acid dragon claws you but does no damage.
The centaur hits you but does no damage.
The centaur closely misses you.
The red devil hits you from afar with a +0 trident of protection!
* * * LOW HITPOINT WARNING * * *
Barbed spikes become lodged in your body.
You hit the centaur.
The centaur is poisoned.
You headbutt the centaur, but do no damage.
The centaur is lightly wounded.
You whack the centaur!
The centaur looks as sick as possible!
The centaur is heavily wounded.
You block the centaur's attack. The centaur closely misses you.
The obsidian statue's eyes glow briefly.
The obsidian statue attempts to bespell you!
You easily resist.
The orange crystal statue glitters.
The crimson imp hits you.
* * * LOW HITPOINT WARNING * * *
The red devil hits you from afar with a +0 trident of protection!
You die...

.........# #.....#### #..##
.........# #........## ##..#
.........# ######....# ##.##
.........# ######....# #..#
.........#######..8##....## ##..
................4..##.....# #...
........#8......544##.....#
##..#
#......#.......Cc55##.....#
#..##
##......########@D8##.....###.##
...###### ######.....##..# ####
######...####..# #.......##
#..#### ##....### ##..#... #
##..## #......> ### ##.##
###......# ..## ##.###........#
...### #..#........)#


You could see an orange crystal statue, an obsidian statue, a cyclops
(summoned), a hellwing (summoned), an ice devil (summoned), a red devil
(summoned), an acid dragon (summoned), a centaur (summoned, extremely poisoned),
2 crimson imps and a white imp (summoned).

Vanquished Creatures
  The ghost of dvd2 the Severer, a journeyman MiBe of Trog (D:11)
  A hydra (D:11)
  A centaur warrior (D:12)
  2 boulder beetles (D:7)
  2 two-headed ogres
  An orc knight (D:11)
  3 ugly things
  2 cyclopes (D:11)
  2 manticores
  3 gargoyles
  Joseph (D:8)
  2 unseen horrors
  A komodo dragon (D:10)
  2 kobold demonologists
  8 trolls
  2 hornets
  8 slime creatures
  2 wyverns
  3 wraiths
  4 shadows
  30 yaks
  3 steam dragons
  9 vampire mosquitoes
  2 acid dragons
  A water moccasin (D:9)
  2 sky beasts (D:7)
  3 orc warriors
  An ice beast (D:8)
  2 black bears
  3 centaurs
  A phantom (D:4)
  10 kobold brigands
  4 bullfrogs
  3 gnoll sergeants
  5 scorpions
  23 killer bees
  6 howler monkeys (D:10)
  2 electric eels (D:6)
  6 bullfrog zombies (Ossuary)
  3 bombardier beetles
  5 jellies
  3 orc priests
  A gnoll bouda (D:7)
  6 iguanas
  11 orc wizards
  4 sleepcaps
  2 crocodile zombies (Ossuary)
  3 hound zombies (Ossuary)
  7 mummies (Ossuary)
  6 howler monkey zombies (Ossuary)
  20 gnolls
  9 adders
  2 shadow imps (D:10)
  2 white imps (D:7)
  An ufetubus (D:6)
  5 dart slugs
  A ribbon worm (D:3)
  51 orcs
  4 endoplasms
  3 giant cockroaches
  17 goblins
  19 hobgoblins
  6 jackals
  49 kobolds
  4 quokkas
  10 ball pythons
  4 ball python zombies (Ossuary)
  6 bats
  A frilled lizard (D:2)
  9 kobold skeletons (D:10)
  8 kobold zombies (D:10)
  6 rats
  A butterfly (D:7)
456 creatures vanquished.

Vanquished Creatures (collateral kills)
  A centaur (D:6)
1 creature vanquished.

Vanquished Creatures (others)
  An adder (D:6)
  A kobold zombie (D:10)
2 creatures vanquished.

Grand Total: 459 creatures vanquished

Notes
Turn   | Place    | Note
-------+----------+-------------------------------------------
     0 | D:1      | Hottabushka the Minotaur Berserker began the quest for the
                  | Orb.
     0 | D:1      | Reached XP level 1. HP: 19/19 MP: 0/0
   375 | D:1      | Reached XP level 2. HP: 24/27 MP: 1/1
   851 | D:2      | Reached skill level 1 in Shields
   865 | D:2      | Reached ** piety under Trog
   938 | D:2      | Reached XP level 3. HP: 33/33 MP: 2/2
  1224 | D:2      | Found a broken altar of Ashenzari.
  1250 | D:2      | Reached XP level 4. HP: 34/40 MP: 3/3
  1533 | D:3      | Found a stormy altar of Qazlal.
  1782 | D:3      | Reached *** piety under Trog
  2048 | D:3      | Found an iron altar of Okawaru.
  2149 | D:4      | Found Reapuh Noal's Antique Armour Shop.
  2176 | D:4      | Reached XP level 5. HP: 47/47 MP: 4/4
  2569 | D:4      | Identified the +6 dagger of the Mouth {venom, rC- rN++
                  | rCorr SInv}
  2814 | D:4      | Reached **** piety under Trog
  3115 | D:4      | Noticed a phantom
  3120 | D:4      | Reached XP level 6. HP: 55/55 MP: 5/5
  3125 | D:4      | Reached skill level 5 in Fighting
  3125 | D:4      | Reached skill level 5 in Maces & Flails
  3684 | D:5      | Entered Level 5 of the Dungeon
  4046 | D:5      | Reached XP level 7. HP: 46/61 MP: 6/6
  4484 | D:5      | Found an ornate altar of the Wu Jian Council.
  4612 | D:5      | Reached skill level 5 in Armour
  5164 | D:6      | Reached XP level 8. HP: 34/70 MP: 7/7
  5311 | D:6      | Identified the +1 scale mail of Mumblety Peg {Will+ Str+3}
  5316 | D:6      | Reached skill level 5 in Dodging
  5532 | D:6      | Reached skill level 5 in Shields
  5532 | D:6      | Reached skill level 1 in Evocations
  6327 | D:6      | Found a shadowy altar of Dithmenos.
  6714 | D:7      | Found a sand-covered staircase.
  6719 | Ossuary  | Entered an ossuary
  7001 | Ossuary  | Reached XP level 9. HP: 79/79 MP: 8/8
  7530 | D:7      | Found a runed translucent door.
  7534 | D:7      | Noticed a troll
  7534 | D:7      | Noticed a troll
  7534 | D:7      | Noticed a manticore
  7544 | D:7      | Killed a troll
  7549 | D:7      | Killed a manticore
  7559 | D:7      | Killed a troll
  7614 | D:7      | Reached ***** piety under Trog
  7682 | D:7      | Noticed a boulder beetle
  7700 | D:7      | Killed a boulder beetle
  7701 | D:7      | Reached XP level 10. HP: 90/90 MP: 9/9
  7750 | D:7      | Noticed a boulder beetle
  7760 | D:7      | Noticed a two-headed ogre
  7766 | D:7      | Killed a boulder beetle
  7778 | D:7      | Killed a two-headed ogre
  7779 | D:7      | Reached skill level 5 in Evocations
  7799 | D:7      | Identified the ring of Etrueh {Fly SInv}
  7832 | D:7      | Noticed a green ugly thing
  7860 | D:7      | Killed a green ugly thing
  8010 | D:7      | Found a staircase to the Ecumenical Temple.
  8346 | D:8      | Reached skill level 10 in Fighting
  8360 | D:8      | Noticed a two-headed ogre
  8378 | D:8      | Killed a two-headed ogre
  8379 | D:8      | Reached skill level 10 in Maces & Flails
  8379 | D:8      | Reached XP level 11. HP: 99/99 MP: 10/10
  8472 | D:8      | You fall into a shaft and drop 1 floor!
  8737 | D:8      | Noticed Joseph
  8757 | D:8      | Killed Joseph
  8855 | D:8      | Received a gift from Trog
  8963 | D:8      | Found a hazy altar of Hepliaklqana.
  9166 | D:9      | Found a blossoming altar of Fedhas.
  9505 | D:9      | Reached skill level 10 in Armour
 10041 | D:10     | Entered Level 10 of the Dungeon
 10584 | D:10     | Found an ancient bone altar of Kikubaaqudgha.
 10672 | D:10     | Found a sparkling altar of Nemelex Xobeh.
 10674 | D:10     | Found an ancient bone altar of Kikubaaqudgha.
 10805 | D:10     | Found a hide-covered altar of Uskayaw.
 10873 | D:10     | Found a burning altar of Makhleb.
 10875 | D:10     | Noticed a balrug
 10962 | D:10     | Noticed a sixfirhy
 11257 | D:10     | Found a glowing silver altar of Zin.
 11359 | D:11     | Found a staircase to the Orcish Mines.
 11457 | D:11     | Reached XP level 12. HP: 96/110 MP: 11/11
 11594 | D:11     | Received a gift from Trog
 11594 | D:11     | Found the +7 mace of Variability {chaos, chaos arc}
 11738 | D:11     | Reached skill level 10 in Dodging
 11881 | D:11     | Found a runed translucent gate.
 11881 | D:11     | Found a runed translucent gate.
 11881 | D:11     | Found a runed translucent gate.
 11881 | D:11     | Noticed an 11-headed hydra
 11881 | D:11     | Noticed dvd2's ghost (journeyman MiBe)
 11898 | D:11     | Killed an 11-headed hydra
 11902 | D:11     | Killed dvd2's ghost
 12041 | D:11     | Found a staircase to the Lair.
 12290 | D:11     | Identified the +2 ring mail of the Onion {rN+}
 12503 | D:12     | Found the +8 trident of the Octopus King {venom, rElec
                  | rPois}
 12880 | D:12     | Noticed a centaur warrior
 12897 | D:12     | Killed a centaur warrior
 13973 | D:12     | Gained mutation: You do not regenerate when monsters are
                  | visible. [a neqoxec]
 13987 | D:12     | Noticed a boulder beetle
 14837 | D:12     | Slain by a red devil

Illustrated notes

Levels and vault maps discovered:
D:1:      mrwooster_arrival_statue_3, layout_loops_corners, minmay_misc_feat_chi
D:2:      layout_basic, basic_altar
D:3:      layout_loops_ring, mainiacjoe_overflow_six_doors_small,
          mainiacjoe_overflow_chevrons
D:4:      corexii_shantytown, layout_basic, serial_shops, shop
D:5:      layout_loops_cross, lemuel_doored_altar
D:6:      layout_loops_cross, marbit_many_paths, serial_bayou_lake_a
D:7:      minmay_the_grid_triangle_9x9_recursive_2
          [minmay_the_grid_triangle_9x9_prize_schism,
          minmay_the_grid_triangle_9x9_warning,
          minmay_the_grid_triangle_9x9_alien,
          minmay_the_grid_triangle_9x9_subtriangle], layout_cave_pods,
          minmay_temple_entry_butterflies, enter_bailey_4, enter_ossuary_5
D:8:      layout_basic, nicolae_overflow_hidden_temple, uniq_joseph
D:9:      layout_loops_corners, overflow_temple_1_default,
          chequers_serial_rivers_large_b
D:10:     wander_kiku_kobolds, layout_basic, amcnicky_altar_gilded,
          makhleb_altar_promises_db, nicolae_overflow_crystal_walls,
          jmf_multi_god_temple
D:11:     layout_stronghold, grunt_lair_entry_orc_guard_hut, orc_david_3,
          gammafunk_ghost_hydra_chop, dk_noncrumbling_3, grunt_potential
D:12:     layout_cave_pods, david_greed

Skill      XL: |  1  2  3  4  5  6  7  8  9 10 11 12 |
---------------+-------------------------------------+-----
Shields        | 1 2 3 4 5 6 8 |  8.6
Fighting       | 4 5 6 7 8 10 11 12 | 12.3
Maces & Flails | 4 5 6 7 8 10 11 12 | 12.2
Armour         | 3 4 5 6 8 9 10 11 | 11.8
Dodging        | 3 4 6 7 8 9 11 | 11.0
Evocations     | 2 4 5 6 7 |  7.3

Action                     |  1- 3 |  4- 6 |  7- 9 | 10-12 || total
---------------------------+-------+-------+-------+-------++-------
  Melee: Mace              |    69 |   224 |    80 |   110 ||   483
         Headbutt          |    12 |    29 |    89 |   223 ||   353
         Punch             |       |     1 |     1 |       ||     2
         Whip              |       |       |   307 |   881 ||  1188
 Invoke: Berserk           |       |     6 |     6 |    11 ||    23
         Trog's Hand       |       |       |     1 |     1 ||     2
         Brothers in Arms  |       |       |     1 |     1 ||     2
  Evoke: Wand              |       |       |     5 |     4 ||     9
    Use: Scroll            |       |       |    14 |     4 ||    18
         Potion            |       |       |       |     8 ||     8
   Stab: Distracted        |     1 |       |       |       ||     1
         Sleeping          |     1 |       |       |       ||     1
 Armour: Animal skin       |    31 |       |       |       ||    31
         Ring mail         |       |   138 |   193 |   712 ||  1043
  Dodge: Dodged            |    50 |   127 |   163 |   531 ||   871
  Block: Buckler           |       |       |    55 |   197 ||   252
